[ AOE2 MATCH · #499464930 ]
UnrankedJapanese vs Magyars
[ REPLAY ANALYSIS · EXTRACTED FROM THE RECORDED GAME ]
Feudal
10:43
Castle
15:10
Imperial
32:47
| APM avg | 36.3 |
| APM peak | 104 |
| eAPM avg | 17.0 |
| Villagers / military | 98 / 144 |
Focus
⚔️ 40.2% · 🌾 59.8%
Skirmisher ×55 · Samurai ×32 · Archer ×30 · Knight ×19 · Scout Cavalry ×3 · Trebuchet (Packed) ×3
Feudal
12:12
Castle
15:59
Imperial
30:29
| APM avg | 33.7 |
| APM peak | 80 |
| eAPM avg | 18.9 |
| Villagers / military | 158 / 277 |
Focus
⚔️ 27.5% · 🌾 72.5%
Magyar Huszar ×188 · Cavalry Archer ×82 · Monk ×3 · Mangonel ×3 · Trebuchet (Packed) ×1
Feudal
9:21
Castle
14:43
Imperial
26:56
| APM avg | 48.0 |
| APM peak | 146 |
| eAPM avg | 29.1 |
| Villagers / military | 112 / 117 |
Focus
⚔️ 71.7% · 🌾 28.3%
Mangonel ×61 · Spearman ×19 · Mangudai ×17 · Scorpion ×8 · Battering Ram ×5 · Trebuchet (Packed) ×4
Feudal
9:27
Castle
22:20
Imperial
40:46
| APM avg | 34.4 |
| APM peak | 82 |
| eAPM avg | 24.7 |
| Villagers / military | 154 / 344 |
Focus
⚔️ 34.6% · 🌾 65.4%
Fire Lancer ×328 · Bombard Cannon ×9 · Iron Pagoda ×5 · Trebuchet (Packed) ×2
Feudal
10:56
Castle
26:06
Imperial
37:01
| APM avg | 45.4 |
| APM peak | 76 |
| eAPM avg | 26.7 |
| Villagers / military | 251 / 310 |
Focus
⚔️ 32.9% · 🌾 67.1%
Throwing Axeman ×154 · Knight ×98 · Scout Cavalry ×23 · Monk ×21 · Trebuchet (Packed) ×8 · Mangonel ×3
Feudal
10:26
Castle
16:40
Imperial
32:33
| APM avg | 16.8 |
| APM peak | 47 |
| eAPM avg | 11.9 |
| Villagers / military | 118 / 139 |
Focus
⚔️ 28.8% · 🌾 71.2%
Scorpion ×64 · Scout Cavalry ×62 · Trebuchet (Packed) ×7 · Mangonel ×3 · Ballista Elephant ×2 · Monk ×1
Match map
Initial resources + every placement click. Lines = walls · curves = elevation contours. ◆ gold · ⬟ stone · ● berries · ✦ relic · ◌ wall gap
Your base· ✓ Closed at 15:10 · 0t walls · 3 gate(s)
CTM | SUNYQ's base· ✓ Closed at 15:59 · 0t walls · 3 gate(s)
David MV's base· ✓ Closed at 14:43 · 0t walls · 3 gate(s)
PSX | King's base· ✓ Closed at 22:20 · 0t walls · 2 gate(s)
revistatriunfomusical's base· ✓ Closed at 26:06 · 1t walls · 2 gate(s)
CTM | Franco*'s base· ✓ Closed at 16:40 · 20t walls · 4 gate(s)
Smoothed initial terrain · ◌ = detected wall gap · hover for details
Inputs per minute
— PORFIRIO - - CTM | SUNYQ
Build order — PORFIRIO
First 150 of 432 actions detected
| 0:01 | Queue | Villager (Male) |
| 0:01 | Queue | Villager (Male) |
| 0:01 | Queue | Villager (Male) |
| 0:05 | Build | House |
| 0:08 | Build | House |
| 0:08 | Queue | Villager (Male) |
| 0:08 | Queue | Villager (Male) |
| 1:26 | Queue | Villager (Male) |
| 1:51 | Build | Lumber Camp |
| 1:56 | Queue | Villager (Male) |
| 2:17 | Queue | Villager (Male) |
| 2:17 | Queue | Villager (Male) |
| 2:52 | Queue | Villager (Male) |
| 2:52 | Queue | Villager (Male) |
| 3:19 | Queue | Villager (Male) |
| 3:19 | Queue | Villager (Male) |
| 3:27 | Build | Mill |
| 4:11 | Queue | Villager (Male) |
| 4:11 | Queue | Villager (Male) |
| 4:42 | Build | House |
| 4:44 | Build | House |
| 4:47 | Research | Loom |
| 5:05 | Queue | Villager (Male) |
| 5:06 | Queue | Villager (Male) |
| 5:17 | Queue | Villager (Male) |
| 5:24 | Build | House |
| 5:26 | Build | House |
| 5:27 | Queue | Villager (Male) |
| 5:35 | Queue | Villager (Male) |
| 7:17 | Queue | Villager (Male) |
| 7:17 | Queue | Villager (Male) |
| 7:38 | Build | Mining Camp |
| 8:06 | Queue | Villager (Male) |
| 8:17 | Research | Feudal Age |
| 10:43 | Age | Feudal Age |
| 10:46 | Build | Blacksmith |
| 10:49 | Build | Market |
| 11:01 | Queue | Villager (Male) |
| 11:01 | Queue | Villager (Male) |
| 11:34 | Build | Mining Camp |
| 11:47 | Build | Farm |
| 11:47 | Build | Farm |
| 11:47 | Build | Farm |
| 11:48 | Build | Farm |
| 11:50 | Build | Farm |
| 11:50 | Build | Farm |
| 11:50 | Build | Farm |
| 11:51 | Build | Farm |
| 11:53 | Build | Farm |
| 11:56 | Build | Farm |
| 11:56 | Build | Farm |
| 12:02 | Queue | Villager (Male) |
| 12:30 | Research | Castle Age |
| 12:30 | Research | Castle Age |
| 13:02 | Research | Horse Collar |
| 13:12 | Research | Double-Bit Axe |
| 14:25 | Research | Gold Mining |
| 14:33 | Queue | Villager (Male) |
| 14:39 | Build | Farm |
| 14:39 | Build | Farm |
| 15:10 | Age | Castle Age |
| 15:18 | Queue | Villager (Male) |
| 15:31 | Build | Town Center |
| 15:35 | Queue | Villager (Male) |
| 15:36 | Queue | Villager (Male) |
| 16:38 | Build | Farm |
| 16:39 | Build | Farm |
| 16:39 | Build | Farm |
| 16:39 | Build | Farm |
| 16:41 | Queue | Villager (Male) |
| 16:44 | Queue | Villager (Male) |
| 16:44 | Queue | Villager (Male) |
| 16:48 | Build | Farm |
| 17:16 | Build | Castle |
| 17:20 | Queue | Villager (Male) |
| 17:22 | Queue | Villager (Male) |
| 17:22 | Queue | Villager (Male) |
| 17:42 | Queue | Villager (Male) |
| 17:42 | Queue | Villager (Male) |
| 18:09 | Queue | Samurai |
| 18:09 | Queue | Samurai |
| 18:17 | Build | Barracks |
| 18:29 | Queue | Samurai |
| 18:38 | Queue | Samurai |
| 18:38 | Queue | Samurai |
| 18:42 | Build | Farm |
| 18:42 | Build | Farm |
| 18:43 | Build | Farm |
| 18:43 | Build | Farm |
| 18:43 | Build | Farm |
| 18:53 | Queue | Samurai |
| 19:04 | Build | Farm |
| 19:04 | Build | Farm |
| 19:04 | Build | Farm |
| 19:05 | Build | Farm |
| 19:05 | Build | Farm |
| 19:05 | Build | Farm |
| 19:06 | Build | Farm |
| 19:19 | Queue | Samurai |
| 19:20 | Queue | Samurai |
| 19:22 | Queue | Samurai |
| 19:23 | Queue | Samurai |
| 19:41 | Queue | Samurai |
| 19:41 | Queue | Samurai |
| 19:52 | Queue | Samurai |
| 19:52 | Queue | Samurai |
| 20:06 | Build | Farm |
| 20:06 | Build | Farm |
| 20:06 | Build | Farm |
| 20:07 | Build | Farm |
| 20:07 | Build | Farm |
| 20:19 | Queue | Samurai |
| 20:21 | Queue | Samurai |
| 20:21 | Queue | Samurai |
| 20:48 | Research | Squires |
| 21:05 | Research | Scale Mail Armor |
| 21:15 | Queue | Villager (Male) |
| 21:42 | Queue | Samurai |
| 21:42 | Queue | Samurai |
| 21:42 | Queue | Samurai |
| 21:42 | Queue | Samurai |
| 21:43 | Queue | Samurai |
| 21:43 | Queue | Samurai |
| 21:43 | Queue | Samurai |
| 21:46 | Queue | Samurai |
| 22:10 | Queue | Villager (Male) |
| 22:10 | Queue | Villager (Male) |
| 22:16 | Build | Farm |
| 22:16 | Build | Farm |
| 22:17 | Build | Farm |
| 22:17 | Build | Farm |
| 22:33 | Research | Forging |
| 22:42 | Research | Chain Mail Armor |
| 22:52 | Build | House |
| 22:53 | Build | House |
| 22:53 | Build | House |
| 22:56 | Build | House |
| 23:04 | Queue | Samurai |
| 23:05 | Queue | Samurai |
| 23:07 | Queue | Samurai |
| 23:07 | Queue | Samurai |
| 23:37 | Queue | Villager (Male) |
| 23:38 | Queue | Villager (Male) |
| 23:38 | Queue | Villager (Male) |
| 23:42 | Build | Farm |
| 23:46 | Queue | Villager (Male) |
| 23:46 | Queue | Villager (Male) |
| 24:06 | Queue | Samurai |
| 24:06 | Queue | Samurai |
| 24:07 | Queue | Samurai |
Build order — CTM | SUNYQ
First 150 of 394 actions detected
| 0:02 | Queue | Villager (Male) ×4 |
| 0:04 | Build | House |
| 0:06 | Build | House |
| 1:33 | Queue | Villager (Male) |
| 1:34 | Queue | Villager (Male) |
| 1:46 | Queue | Villager (Male) |
| 1:59 | Queue | Villager (Male) |
| 2:26 | Build | Lumber Camp |
| 2:30 | Queue | Villager (Male) |
| 2:57 | Queue | Villager (Male) |
| 3:27 | Build | House |
| 3:28 | Build | House |
| 3:39 | Queue | Villager (Male) |
| 4:08 | Queue | Villager (Male) |
| 4:30 | Build | House |
| 4:39 | Queue | Villager (Male) |
| 4:51 | Queue | Villager (Male) |
| 5:24 | Queue | Villager (Male) |
| 5:58 | Queue | Villager (Male) |
| 5:58 | Queue | Villager (Male) |
| 6:11 | Queue | Villager (Male) |
| 6:21 | Queue | Villager (Male) |
| 6:59 | Queue | Villager (Male) |
| 7:37 | Build | Mill |
| 7:42 | Queue | Villager (Male) |
| 8:08 | Queue | Villager (Male) |
| 9:04 | Build | Mining Camp |
| 9:07 | Queue | Villager (Male) |
| 9:07 | Queue | Villager (Male) |
| 9:42 | Build | Farm |
| 9:43 | Build | Farm |
| 9:44 | Build | Farm |
| 9:58 | Build | House |
| 10:02 | Research | Feudal Age |
| 12:03 | Queue | Villager (Male) |
| 12:03 | Queue | Villager (Male) |
| 12:12 | Age | Feudal Age |
| 12:36 | Build | Market |
| 12:39 | Build | Blacksmith |
| 12:50 | Queue | Villager (Male) |
| 13:19 | Research | Castle Age |
| 13:19 | Research | Castle Age |
| 14:39 | Research | Scale Barding Armor |
| 14:46 | Research | Double-Bit Axe |
| 14:51 | Build | Farm |
| 14:56 | Build | Farm |
| 14:59 | Build | Farm |
| 15:03 | Build | Farm |
| 15:08 | Build | Farm |
| 15:22 | Build | Farm |
| 15:25 | Build | Farm |
| 15:29 | Queue | Villager (Male) |
| 15:59 | Age | Castle Age |
| 16:03 | Build | Town Center |
| 16:21 | Queue | Villager (Male) |
| 16:30 | Build | Town Center |
| 16:39 | Build | Mining Camp |
| 16:46 | Queue | Villager (Male) |
| 16:46 | Queue | Villager (Male) |
| 17:05 | Build | House |
| 17:06 | Build | House |
| 17:08 | Build | Barracks |
| 17:17 | Queue | Villager (Male) |
| 17:17 | Queue | Villager (Male) |
| 17:17 | Queue | Villager (Male) |
| 17:18 | Queue | Villager (Male) |
| 17:25 | Build | Farm |
| 17:28 | Build | Farm |
| 17:30 | Build | Farm |
| 17:35 | Build | Farm |
| 17:38 | Build | Farm |
| 17:42 | Queue | Villager (Male) |
| 17:42 | Queue | Villager (Male) |
| 17:56 | Build | Farm |
| 17:59 | Build | Farm |
| 18:02 | Build | Farm |
| 18:05 | Queue | Villager (Male) |
| 18:05 | Queue | Villager (Male) |
| 18:17 | Build | Farm |
| 18:32 | Queue | Villager (Male) |
| 18:32 | Queue | Villager (Male) |
| 18:42 | Queue | Villager (Male) |
| 18:46 | Queue | Villager (Male) |
| 18:46 | Queue | Villager (Male) |
| 18:53 | Queue | Villager (Male) |
| 18:53 | Queue | Villager (Male) |
| 19:06 | Queue | Villager (Male) |
| 19:18 | Queue | Villager (Male) |
| 19:18 | Queue | Villager (Male) |
| 19:22 | Queue | Villager (Male) |
| 19:22 | Queue | Villager (Male) |
| 19:32 | Build | Siege Workshop |
| 19:36 | Queue | Villager (Male) |
| 19:59 | Queue | Villager (Male) ×3 |
| 20:04 | Build | House |
| 20:05 | Build | House |
| 20:06 | Build | House |
| 20:10 | Queue | Mangonel |
| 20:16 | Build | Farm |
| 20:22 | Queue | Villager (Male) |
| 20:22 | Queue | Villager (Male) |
| 20:40 | Build | House |
| 20:41 | Build | House |
| 20:43 | Build | House |
| 20:44 | Build | House |
| 20:46 | Queue | Villager (Male) ×2 |
| 20:48 | Queue | Villager (Male) |
| 20:55 | Build | Farm |
| 21:01 | Queue | Mangonel |
| 21:05 | Queue | Villager (Male) |
| 21:05 | Queue | Villager (Male) |
| 21:06 | Queue | Villager (Male) |
| 21:19 | Queue | Villager (Male) |
| 21:19 | Queue | Villager (Male) |
| 21:22 | Build | Farm |
| 21:28 | Build | Farm |
| 21:30 | Build | Farm |
| 21:31 | Queue | Villager (Male) |
| 21:32 | Queue | Villager (Male) |
| 21:42 | Queue | Villager (Male) |
| 21:42 | Queue | Villager (Male) |
| 21:51 | Queue | Villager (Male) |
| 21:51 | Queue | Villager (Male) |
| 21:54 | Build | Farm |
| 21:56 | Build | Farm |
| 22:00 | Build | Farm |
| 22:06 | Build | Monastery |
| 22:09 | Queue | Villager (Male) |
| 22:09 | Queue | Villager (Male) |
| 22:16 | Build | Farm |
| 22:19 | Build | Farm |
| 22:21 | Queue | Villager (Male) ×2 |
| 22:34 | Queue | Villager (Male) |
| 22:35 | Queue | Villager (Male) |
| 22:40 | Queue | Monk |
| 22:45 | Build | Farm |
| 22:50 | Build | Farm |
| 22:54 | Build | Lumber Camp |
| 22:58 | Research | Wheelbarrow |
| 23:01 | Build | House |
| 23:04 | Build | House |
| 23:04 | Build | House |
| 23:06 | Build | House |
| 23:10 | Build | House |
| 23:13 | Queue | Villager (Male) ×3 |
| 23:16 | Build | Farm |
| 23:31 | Build | Farm |
| 23:36 | Queue | Mangonel |
| 23:39 | Build | Farm |
| 23:43 | Queue | Villager (Male) |
Build order — David MV
First 150 of 376 actions detected
| 0:00 | Queue | Villager (Male) |
| 0:00 | Queue | Villager (Male) |
| 0:01 | Queue | Villager (Male) |
| 0:02 | Build | House |
| 0:04 | Build | House |
| 0:05 | Queue | Villager (Male) |
| 1:23 | Queue | Villager (Male) |
| 1:23 | Queue | Villager (Male) |
| 1:52 | Build | Lumber Camp |
| 2:11 | Queue | Villager (Male) |
| 2:11 | Queue | Villager (Male) |
| 2:11 | Queue | Villager (Male) |
| 2:12 | Queue | Villager (Male) |
| 3:10 | Build | House |
| 3:15 | Queue | Villager (Male) |
| 3:15 | Queue | Villager (Male) |
| 3:42 | Queue | Villager (Male) |
| 4:02 | Queue | Villager (Male) |
| 4:02 | Queue | Villager (Male) |
| 4:02 | Queue | Villager (Male) |
| 4:45 | Build | Mill |
| 5:24 | Queue | Villager (Male) |
| 5:36 | Queue | Villager (Male) |
| 5:37 | Queue | Villager (Male) |
| 5:39 | Research | Loom |
| 6:25 | Build | Mining Camp |
| 6:45 | Research | Feudal Age |
| 6:45 | Research | Feudal Age |
| 8:08 | Queue | Villager (Male) |
| 8:09 | Queue | Villager (Male) |
| 8:09 | Queue | Villager (Male) |
| 8:09 | Queue | Villager (Male) |
| 8:10 | Queue | Villager (Male) |
| 8:10 | Queue | Villager (Male) |
| 8:10 | Queue | Villager (Male) |
| 8:13 | Build | House |
| 8:46 | Build | House |
| 9:21 | Age | Feudal Age |
| 9:22 | Build | Watch Tower |
| 10:09 | Build | Market |
| 11:07 | Build | Mill |
| 11:27 | Build | Blacksmith |
| 11:43 | Queue | Villager (Male) |
| 12:03 | Research | Castle Age |
| 12:03 | Research | Castle Age |
| 12:12 | Build | House |
| 12:47 | Build | House |
| 12:48 | Build | House |
| 13:03 | Queue | Villager (Male) |
| 13:57 | Queue | Villager (Male) |
| 14:13 | Build | House |
| 14:13 | Build | House |
| 14:43 | Age | Castle Age |
| 14:44 | Build | Siege Workshop |
| 15:25 | Queue | Battering Ram |
| 15:28 | Queue | Villager (Male) |
| 15:40 | Queue | Villager (Male) |
| 16:06 | Build | Monastery |
| 16:13 | Queue | Villager (Male) |
| 16:30 | Queue | Battering Ram |
| 16:32 | Queue | Villager (Male) |
| 16:51 | Queue | Villager (Male) |
| 17:17 | Queue | Monk |
| 17:17 | Queue | Monk |
| 17:22 | Queue | Villager (Male) |
| 17:27 | Queue | Battering Ram |
| 17:56 | Build | Mining Camp |
| 18:11 | Queue | Villager (Male) |
| 18:49 | Queue | Battering Ram |
| 19:18 | Queue | Monk |
| 19:43 | Build | House |
| 19:48 | Build | House |
| 20:10 | Build | Farm |
| 20:11 | Build | Farm |
| 20:12 | Build | Farm |
| 20:26 | Build | House |
| 20:27 | Build | House |
| 20:30 | Build | House |
| 20:55 | Build | Farm |
| 22:11 | Build | House |
| 22:13 | Queue | Villager (Male) |
| 22:14 | Queue | Villager (Male) |
| 23:46 | Research | Imperial Age |
| 23:46 | Research | Imperial Age |
| 23:55 | Build | Farm |
| 24:04 | Build | Castle |
| 24:09 | Build | Lumber Camp |
| 24:09 | Build | Lumber Camp |
| 24:45 | Build | House |
| 24:47 | Build | House |
| 24:57 | Queue | Mangonel |
| 25:14 | Build | House |
| 25:52 | Queue | Mangudai |
| 25:53 | Queue | Mangudai |
| 25:55 | Research | Fletching |
| 25:55 | Research | Fletching |
| 26:56 | Age | Imperial Age |
| 26:56 | Queue | Mangudai |
| 27:05 | Queue | Mangonel |
| 27:10 | Queue | Villager (Male) |
| 27:10 | Queue | Villager (Male) |
| 27:10 | Queue | Villager (Male) |
| 27:14 | Build | Farm |
| 27:30 | Build | House |
| 27:31 | Build | House |
| 27:33 | Queue | Mangudai |
| 27:33 | Queue | Mangudai |
| 27:35 | Queue | Villager (Male) |
| 27:39 | Build | Farm |
| 28:28 | Queue | Villager (Male) |
| 28:31 | Build | House |
| 28:38 | Build | Farm |
| 28:39 | Build | Farm |
| 28:39 | Build | Farm |
| 28:39 | Build | Farm |
| 28:39 | Build | Farm |
| 28:55 | Queue | Villager (Male) |
| 28:58 | Queue | Mangudai |
| 28:58 | Queue | Mangudai |
| 29:05 | Build | House |
| 29:22 | Research | Double-Bit Axe |
| 29:22 | Research | Double-Bit Axe |
| 29:28 | Build | Farm |
| 29:40 | Research | Fervor |
| 29:49 | Build | Farm |
| 29:52 | Queue | Villager (Male) |
| 29:52 | Queue | Villager (Male) |
| 30:11 | Build | Farm |
| 30:15 | Build | Farm |
| 30:17 | Queue | Villager (Male) |
| 30:30 | Build | Lumber Camp |
| 30:44 | Queue | Villager (Male) |
| 30:45 | Queue | Villager (Male) |
| 30:48 | Research | Bow Saw |
| 30:48 | Research | Bow Saw |
| 31:00 | Build | Farm |
| 31:17 | Build | House |
| 31:18 | Queue | Villager (Male) |
| 31:34 | Build | University |
| 31:38 | Queue | Mangudai |
| 31:38 | Queue | Mangudai |
| 31:42 | Queue | Villager (Male) |
| 31:49 | Build | Farm |
| 31:52 | Build | Farm |
| 32:18 | Build | Farm |
| 32:20 | Build | Farm |
| 32:25 | Queue | Villager (Male) |
| 32:38 | Research | Bodkin Arrow |
| 32:38 | Research | Bodkin Arrow |
| 32:40 | Queue | Mangudai |
Build order — PSX | King
First 150 of 480 actions detected
| 0:01 | Queue | Villager (Male) |
| 0:01 | Queue | Villager (Male) |
| 0:01 | Queue | Villager (Male) |
| 0:02 | Build | House |
| 0:04 | Build | House |
| 0:10 | Queue | Villager (Male) |
| 0:10 | Queue | Villager (Male) |
| 1:34 | Queue | Villager (Male) |
| 1:35 | Queue | Villager (Male) |
| 1:45 | Build | Lumber Camp |
| 2:12 | Queue | Villager (Male) |
| 2:12 | Queue | Villager (Male) |
| 2:12 | Queue | Villager (Male) |
| 2:50 | Queue | Villager (Male) |
| 2:50 | Queue | Villager (Male) |
| 3:08 | Build | House |
| 3:24 | Queue | Villager (Male) |
| 3:38 | Queue | Villager (Male) |
| 3:38 | Queue | Villager (Male) |
| 4:20 | Queue | Villager (Male) |
| 4:20 | Queue | Villager (Male) |
| 4:22 | Queue | Villager (Male) |
| 4:31 | Queue | Villager (Male) |
| 4:56 | Build | Mill |
| 5:03 | Queue | Villager (Male) |
| 5:03 | Queue | Villager (Male) |
| 5:03 | Queue | Villager (Male) |
| 5:54 | Queue | Villager (Male) |
| 5:56 | Research | Loom |
| 6:49 | Queue | Villager (Male) |
| 7:17 | Research | Feudal Age |
| 7:17 | Research | Feudal Age |
| 8:01 | Build | House |
| 8:28 | Build | Mining Camp |
| 8:37 | Queue | Villager (Male) |
| 9:27 | Age | Feudal Age |
| 9:28 | Build | Blacksmith |
| 9:28 | Build | House |
| 9:30 | Build | House |
| 9:31 | Research | Double-Bit Axe |
| 9:36 | Build | Watch Tower |
| 9:37 | Queue | Villager (Male) |
| 9:41 | Build | House |
| 10:05 | Queue | Villager (Male) |
| 10:13 | Build | Farm |
| 10:17 | Research | Fletching |
| 10:31 | Queue | Villager (Male) |
| 10:39 | Build | Farm |
| 10:54 | Queue | Villager (Male) |
| 11:06 | Build | Farm |
| 11:07 | Queue | Villager (Male) |
| 11:40 | Queue | Villager (Male) |
| 11:54 | Build | Watch Tower |
| 12:03 | Queue | Villager (Male) |
| 12:32 | Queue | Villager (Male) |
| 12:46 | Queue | Villager (Male) |
| 12:57 | Build | Farm |
| 12:58 | Build | Farm |
| 13:17 | Queue | Villager (Male) |
| 13:44 | Build | Market |
| 14:05 | Queue | Villager (Male) |
| 14:10 | Build | Watch Tower |
| 14:12 | Queue | Villager (Male) |
| 14:21 | Queue | Villager (Male) |
| 14:28 | Queue | Villager (Male) |
| 14:35 | Build | House |
| 14:48 | Queue | Villager (Male) |
| 15:04 | Queue | Villager (Male) |
| 15:31 | Queue | Villager (Male) |
| 15:37 | Build | Farm |
| 15:37 | Build | Farm |
| 15:52 | Build | Watch Tower |
| 15:58 | Queue | Villager (Male) |
| 16:15 | Build | Farm |
| 16:45 | Queue | Villager (Male) |
| 16:49 | Build | House |
| 17:07 | Queue | Villager (Male) |
| 17:20 | Build | Farm |
| 17:22 | Build | Farm |
| 17:27 | Build | Farm |
| 17:53 | Queue | Villager (Male) |
| 18:00 | Build | Farm |
| 18:31 | Queue | Villager (Male) |
| 18:34 | Build | Farm |
| 19:40 | Research | Castle Age |
| 19:40 | Research | Castle Age |
| 19:42 | Queue | Villager (Male) |
| 20:12 | Build | Farm |
| 20:21 | Build | House |
| 20:22 | Build | House |
| 20:35 | Build | House |
| 21:10 | Research | Horse Collar |
| 21:38 | Build | Outpost |
| 21:40 | Build | Outpost |
| 21:41 | Build | Outpost |
| 21:48 | Queue | Villager (Male) |
| 22:20 | Age | Castle Age |
| 22:22 | Research | Bodkin Arrow |
| 22:22 | Research | Bodkin Arrow |
| 22:53 | Queue | Villager (Male) |
| 23:04 | Build | University |
| 23:11 | Queue | Villager (Male) |
| 23:12 | Queue | Villager (Male) |
| 23:27 | Research | Bow Saw |
| 23:31 | Build | House |
| 23:32 | Build | House |
| 23:40 | Queue | Villager (Male) |
| 24:13 | Research | Fortified Wall (upgrade) |
| 24:14 | Research | Murder Holes |
| 24:16 | Queue | Villager (Male) |
| 24:39 | Queue | Villager (Male) |
| 24:42 | Build | Siege Workshop |
| 24:49 | Build | Siege Workshop |
| 24:55 | Build | Siege Workshop |
| 24:58 | Queue | Villager (Male) |
| 25:39 | Queue | Villager (Male) |
| 25:42 | Build | Mining Camp |
| 25:53 | Queue | Iron Pagoda |
| 25:53 | Queue | Iron Pagoda |
| 25:55 | Queue | Villager (Male) |
| 26:04 | Build | Gate |
| 26:06 | Build | Stone Wall |
| 26:11 | Build | Stone Wall |
| 26:13 | Build | Stone Wall |
| 26:15 | Queue | Villager (Male) |
| 26:25 | Queue | Villager (Male) |
| 26:42 | Queue | Villager (Male) |
| 26:50 | Queue | Villager (Male) |
| 26:57 | Queue | Villager (Male) |
| 27:06 | Research | Ballistics |
| 27:27 | Build | Mining Camp |
| 27:56 | Build | Watch Tower |
| 28:00 | Research | Masonry |
| 28:12 | Queue | Villager (Male) |
| 28:25 | Research | Wheelbarrow |
| 28:55 | Build | Town Center |
| 29:00 | Queue | Villager (Male) |
| 29:00 | Queue | Villager (Male) |
| 29:08 | Build | Outpost |
| 29:17 | Queue | Iron Pagoda |
| 29:19 | Build | Farm |
| 29:25 | Queue | Villager (Male) |
| 29:39 | Build | Stone Wall |
| 29:42 | Research | Gold Mining |
| 29:43 | Queue | Villager (Male) |
| 30:18 | Queue | Villager (Male) |
| 30:33 | Research | Town Watch |
| 30:36 | Research | Gold Shaft Mining |
| 30:37 | Research | Heavy Plow |
| 30:37 | Queue | Villager (Male) |
Build order — revistatriunfomusical
First 150 of 627 actions detected
| 0:01 | Queue | Villager (Male) |
| 0:01 | Queue | Villager (Male) |
| 0:02 | Queue | Villager (Male) |
| 0:03 | Build | House |
| 0:04 | Build | House |
| 0:12 | Queue | Villager (Male) |
| 0:12 | Queue | Villager (Male) |
| 1:26 | Queue | Villager (Male) |
| 1:27 | Queue | Villager (Male) |
| 1:44 | Build | Lumber Camp |
| 1:45 | Queue | Villager (Male) |
| 1:45 | Queue | Villager (Male) |
| 2:22 | Queue | Villager (Male) |
| 2:22 | Queue | Villager (Male) |
| 2:22 | Queue | Villager (Male) |
| 2:38 | Build | House |
| 3:11 | Queue | Villager (Male) |
| 3:11 | Queue | Villager (Male) |
| 3:12 | Queue | Villager (Male) |
| 3:54 | Build | House |
| 3:57 | Queue | Villager (Male) |
| 3:58 | Queue | Villager (Male) |
| 3:58 | Queue | Villager (Male) |
| 3:58 | Queue | Villager (Male) |
| 4:03 | Queue | Villager (Male) |
| 4:03 | Queue | Villager (Male) |
| 4:14 | Build | Mill |
| 4:55 | Queue | Villager (Male) |
| 4:56 | Queue | Villager (Male) |
| 4:56 | Queue | Villager (Male) |
| 4:56 | Queue | Villager (Male) |
| 5:28 | Queue | Villager (Male) |
| 5:28 | Queue | Villager (Male) |
| 5:56 | Queue | Villager (Male) |
| 6:45 | Build | Mining Camp |
| 7:00 | Queue | Villager (Male) |
| 7:24 | Queue | Villager (Male) |
| 7:38 | Queue | Villager (Male) |
| 7:38 | Queue | Villager (Male) |
| 8:00 | Build | Mining Camp |
| 8:23 | Research | Feudal Age |
| 8:23 | Research | Loom |
| 8:44 | Build | House |
| 10:46 | Queue | Villager (Male) |
| 10:49 | Queue | Villager (Male) |
| 10:51 | Build | House |
| 10:56 | Age | Feudal Age |
| 10:59 | Build | Watch Tower |
| 11:02 | Build | Blacksmith |
| 11:13 | Build | Watch Tower |
| 11:24 | Research | Town Watch |
| 11:27 | Research | Double-Bit Axe |
| 11:29 | Research | Gold Mining |
| 11:31 | Research | Stone Mining |
| 11:31 | Research | Stone Mining |
| 11:53 | Research | Fletching |
| 12:11 | Queue | Villager (Male) |
| 12:22 | Build | Watch Tower |
| 12:44 | Queue | Villager (Male) |
| 12:44 | Queue | Villager (Male) |
| 12:44 | Queue | Villager (Male) |
| 12:45 | Queue | Villager (Male) |
| 12:45 | Queue | Villager (Male) |
| 12:54 | Build | House |
| 12:56 | Build | House |
| 12:57 | Build | Palisade Wall |
| 13:48 | Queue | Villager (Male) |
| 13:48 | Queue | Villager (Male) |
| 13:50 | Queue | Villager (Male) |
| 14:26 | Build | Farm |
| 14:26 | Build | Farm |
| 14:27 | Build | Farm |
| 14:27 | Build | Farm |
| 14:32 | Build | Watch Tower |
| 15:03 | Build | Farm |
| 15:03 | Build | Farm |
| 15:03 | Build | Farm |
| 15:03 | Build | Farm |
| 15:36 | Build | Watch Tower |
| 15:37 | Queue | Villager (Male) |
| 16:01 | Queue | Villager (Male) |
| 16:01 | Queue | Villager (Male) |
| 16:02 | Queue | Villager (Male) |
| 16:10 | Build | House |
| 16:41 | Queue | Villager (Male) |
| 16:41 | Queue | Villager (Male) |
| 16:41 | Queue | Villager (Male) |
| 16:45 | Build | Mining Camp |
| 17:18 | Queue | Villager (Male) |
| 17:19 | Queue | Villager (Male) |
| 17:19 | Queue | Villager (Male) |
| 17:19 | Queue | Villager (Male) |
| 17:40 | Queue | Villager (Male) |
| 17:45 | Queue | Villager (Male) |
| 17:45 | Queue | Villager (Male) |
| 17:55 | Build | Farm |
| 17:55 | Build | Farm |
| 17:56 | Build | Farm |
| 17:56 | Build | Farm |
| 18:10 | Build | Watch Tower |
| 18:31 | Queue | Villager (Male) |
| 18:31 | Queue | Villager (Male) |
| 18:31 | Queue | Villager (Male) |
| 18:31 | Queue | Villager (Male) |
| 18:43 | Queue | Villager (Male) |
| 18:43 | Queue | Villager (Male) |
| 19:18 | Build | Watch Tower |
| 19:18 | Queue | Villager (Male) |
| 19:27 | Build | Farm |
| 19:27 | Build | Farm |
| 19:27 | Build | Farm |
| 19:28 | Build | Farm |
| 19:28 | Build | Farm |
| 19:28 | Build | Farm |
| 19:29 | Queue | Villager (Male) |
| 19:29 | Queue | Villager (Male) |
| 19:41 | Queue | Villager (Male) |
| 19:46 | Queue | Villager (Male) |
| 19:48 | Build | House |
| 19:54 | Queue | Villager (Male) |
| 20:24 | Queue | Villager (Male) |
| 20:27 | Build | Farm |
| 20:27 | Build | Farm |
| 20:27 | Build | Farm |
| 20:27 | Build | Farm |
| 20:28 | Build | Farm |
| 20:28 | Build | Farm |
| 20:28 | Queue | Villager (Male) |
| 20:47 | Build | Watch Tower |
| 20:51 | Queue | Villager (Male) |
| 21:01 | Queue | Villager (Male) |
| 21:11 | Research | Wheelbarrow |
| 21:12 | Queue | Villager (Male) |
| 21:14 | Build | Farm |
| 21:14 | Build | Farm |
| 21:15 | Build | Farm |
| 21:15 | Build | Farm |
| 21:32 | Queue | Villager (Male) |
| 21:34 | Build | Farm |
| 21:34 | Build | Farm |
| 21:35 | Build | Farm |
| 22:46 | Build | Market |
| 23:26 | Research | Castle Age |
| 23:26 | Research | Castle Age |
| 23:47 | Research | Gold Mining |
| 24:49 | Research | Padded Archer Armor |
| 26:06 | Age | Castle Age |
| 26:08 | Build | Siege Workshop |
| 26:11 | Research | Bodkin Arrow |
| 26:13 | Queue | Villager (Male) |
Build order — CTM | Franco*
First 150 of 323 actions detected
| 0:05 | Build | House |
| 0:07 | Build | House |
| 0:20 | Queue | Villager (Male) |
| 0:21 | Queue | Villager (Male) |
| 0:21 | Queue | Villager (Male) |
| 0:21 | Queue | Villager (Male) |
| 0:22 | Queue | Villager (Male) |
| 1:59 | Queue | Villager (Male) |
| 1:59 | Queue | Villager (Male) |
| 2:20 | Queue | Villager (Male) |
| 2:21 | Queue | Villager (Male) |
| 2:33 | Queue | Villager (Male) |
| 2:34 | Queue | Villager (Male) |
| 2:58 | Queue | Villager (Male) |
| 2:58 | Queue | Villager (Male) |
| 3:11 | Queue | Villager (Male) |
| 3:48 | Build | House |
| 3:49 | Build | House |
| 4:01 | Queue | Villager (Male) |
| 4:02 | Queue | Villager (Male) |
| 4:13 | Build | Lumber Camp |
| 4:23 | Queue | Villager (Male) |
| 4:33 | Queue | Villager (Male) |
| 4:39 | Queue | Villager (Male) |
| 5:16 | Queue | Villager (Male) |
| 5:28 | Queue | Villager (Male) |
| 5:43 | Queue | Villager (Male) |
| 6:00 | Queue | Villager (Male) |
| 7:03 | Queue | Villager (Male) |
| 7:06 | Build | Mill |
| 7:17 | Queue | Villager (Male) |
| 8:00 | Research | Feudal Age |
| 8:09 | Build | Mining Camp |
| 8:26 | Research | Loom |
| 9:43 | Build | Mining Camp |
| 9:52 | Build | House |
| 10:26 | Age | Feudal Age |
| 10:32 | Build | Watch Tower |
| 10:46 | Queue | Villager (Male) |
| 10:48 | Queue | Villager (Male) |
| 11:37 | Build | Watch Tower |
| 11:46 | Build | Blacksmith |
| 11:52 | Queue | Villager (Male) |
| 12:42 | Build | Farm |
| 12:43 | Queue | Villager (Male) |
| 13:11 | Build | Stone Wall |
| 13:15 | Build | Gate |
| 13:22 | Build | Farm |
| 13:50 | Build | Stone Wall |
| 14:00 | Research | Castle Age |
| 14:32 | Build | Stone Wall |
| 14:39 | Build | Gate |
| 15:08 | Research | Double-Bit Axe |
| 15:18 | Build | Stone Wall |
| 15:25 | Build | Farm |
| 15:25 | Build | Farm |
| 15:26 | Build | Farm |
| 15:27 | Build | Farm |
| 15:28 | Build | Farm |
| 15:29 | Build | Farm |
| 15:45 | Research | Gold Mining |
| 16:26 | Research | Horse Collar |
| 16:40 | Age | Castle Age |
| 16:48 | Build | Siege Workshop |
| 16:51 | Queue | Villager (Male) |
| 16:52 | Queue | Villager (Male) |
| 17:04 | Build | Palisade Wall |
| 17:14 | Build | Palisade Gate |
| 17:17 | Queue | Villager (Male) |
| 17:24 | Queue | Villager (Male) |
| 17:31 | Build | House |
| 17:35 | Queue | Villager (Male) |
| 17:51 | Queue | Scorpion |
| 17:54 | Queue | Villager (Male) |
| 18:22 | Queue | Mangonel |
| 18:27 | Queue | Villager (Male) |
| 18:52 | Build | House |
| 18:53 | Build | House |
| 19:02 | Queue | Villager (Male) |
| 19:24 | Queue | Mangonel |
| 19:30 | Build | House |
| 19:38 | Queue | Villager (Male) |
| 19:40 | Queue | Villager (Male) |
| 20:01 | Research | Bow Saw |
| 20:08 | Build | House |
| 20:09 | Build | House |
| 20:23 | Queue | Villager (Male) |
| 20:29 | Queue | Mangonel |
| 20:47 | Queue | Villager (Male) |
| 21:05 | Queue | Villager (Male) |
| 21:09 | Build | Farm |
| 21:15 | Build | Farm |
| 21:17 | Queue | Scorpion |
| 21:18 | Queue | Scorpion |
| 21:24 | Build | House |
| 21:25 | Build | House |
| 21:28 | Queue | Villager (Male) |
| 21:54 | Queue | Villager (Male) |
| 22:09 | Queue | Villager (Male) |
| 22:13 | Build | Farm |
| 22:14 | Build | Farm |
| 22:16 | Build | Farm |
| 22:21 | Research | Heavy Plow |
| 22:30 | Build | Lumber Camp |
| 22:38 | Queue | Scorpion |
| 22:39 | Queue | Villager (Male) |
| 22:45 | Build | Farm |
| 22:50 | Build | Farm |
| 23:12 | Build | Castle |
| 23:46 | Queue | Villager (Male) |
| 23:46 | Queue | Villager (Male) |
| 24:04 | Queue | Scorpion |
| 24:05 | Queue | Scorpion |
| 24:08 | Queue | Scorpion |
| 24:26 | Build | University |
| 24:30 | Queue | Villager (Male) |
| 24:44 | Queue | Villager (Male) |
| 25:05 | Queue | Ballista Elephant |
| 25:05 | Queue | Ballista Elephant |
| 25:17 | Queue | Villager (Male) |
| 25:30 | Build | Farm |
| 25:37 | Research | Ballistics |
| 25:38 | Research | Fortified Wall (upgrade) |
| 25:43 | Build | House |
| 25:44 | Build | House |
| 25:45 | Build | House |
| 26:02 | Queue | Villager (Male) |
| 26:05 | Build | Farm |
| 26:07 | Queue | Villager (Male) |
| 26:33 | Queue | Villager (Male) |
| 26:33 | Queue | Villager (Male) |
| 26:38 | Research | Stone Mining |
| 26:39 | Research | Gold Shaft Mining |
| 27:07 | Queue | Villager (Male) |
| 27:28 | Build | Farm |
| 27:50 | Queue | Villager (Male) |
| 28:13 | Queue | Villager (Male) |
| 28:17 | Build | Farm |
| 29:02 | Build | Monastery |
| 29:23 | Research | Imperial Age |
| 29:39 | Queue | Scorpion |
| 29:54 | Research | Wheelbarrow |
| 30:03 | Queue | Monk |
| 30:16 | Build | House |
| 30:17 | Build | House |
| 30:18 | Build | House |
| 30:21 | Queue | Scorpion |
| 30:45 | Build | Town Center |
| 30:53 | Queue | Villager (Male) |
| 30:55 | Research | Town Watch |
Match timeline
| 9:21 | David MV · age_up feudal |
| 9:27 | PSX | King · age_up feudal |
| 10:26 | CTM | Franco* · age_up feudal |
| 10:43 | PORFIRIO · age_up feudal |
| 10:56 | revistatriunfomusical · age_up feudal |
| 12:12 | CTM | SUNYQ · age_up feudal |
| 12:57 | revistatriunfomusical · wall_segment Palisade Wall x1 |
| 13:11 | CTM | Franco* · wall_segment Stone Wall x11 |
| 13:50 | CTM | Franco* · wall_segment Stone Wall x3 |
| 14:32 | CTM | Franco* · wall_segment Stone Wall x5 |
| 14:43 | David MV · age_up castle |
| 14:44 | David MV · first_building Siege Workshop |
| 15:10 | PORFIRIO · age_up castle |
| 15:18 | CTM | Franco* · wall_segment Stone Wall x1 |
| 15:58 | David MV · first_market_buy 100 wood |
| 15:59 | CTM | SUNYQ · age_up castle |
| 16:06 | David MV · first_building Monastery |
| 16:40 | CTM | Franco* · age_up castle |
| 16:48 | CTM | Franco* · first_building Siege Workshop |
| 17:04 | CTM | Franco* · wall_segment Palisade Wall x23 |
| 17:08 | CTM | SUNYQ · first_building Barracks |
| 17:09 | PORFIRIO · first_market_buy 100 stone |
| 17:16 | PORFIRIO · first_building Castle |
| 18:17 | PORFIRIO · first_building Barracks |
| 19:32 | CTM | SUNYQ · first_building Siege Workshop |
| 21:38 | PORFIRIO · first_market_sell 100 wood |
| 21:47 | David MV · first_market_sell 100 wood |
| 22:06 | CTM | SUNYQ · first_building Monastery |
| 22:20 | PSX | King · first_market_buy 100 wood |
| 22:20 | PSX | King · age_up castle |
| 22:21 | PSX | King · first_market_sell 100 stone |
| 23:12 | CTM | Franco* · first_building Castle |
| 24:01 | CTM | SUNYQ · wall_segment Stone Wall x4 |
| 24:04 | David MV · first_building Castle |
| 24:08 | CTM | SUNYQ · wall_segment Stone Wall x4 |
| 24:42 | PSX | King · first_building Siege Workshop |
| 24:48 | CTM | SUNYQ · wall_segment Stone Wall x9 |
| 26:06 | revistatriunfomusical · age_up castle |
| 26:06 | PSX | King · wall_segment Stone Wall x10 |
| 26:08 | revistatriunfomusical · first_building Siege Workshop |
| 26:11 | PSX | King · wall_segment Stone Wall x7 |
| 26:13 | PSX | King · wall_segment Stone Wall x10 |
| 26:56 | David MV · age_up imperial |
| 27:52 | revistatriunfomusical · first_market_buy 100 stone |
| 28:01 | revistatriunfomusical · first_building Castle |
| 28:19 | revistatriunfomusical · first_building Monastery |
| 28:50 | revistatriunfomusical · wall_segment Stone Wall x1 |
| 28:55 | CTM | SUNYQ · first_building Stable |
| 29:02 | CTM | Franco* · first_building Monastery |
| 29:18 | PORFIRIO · first_building Archery Range |
| 29:21 | CTM | SUNYQ · first_building Archery Range |
| 29:39 | PSX | King · wall_segment Stone Wall x10 |
| 30:29 | CTM | SUNYQ · age_up imperial |
| 30:38 | CTM | SUNYQ · tribute_sent a jugador 1 |
| 30:38 | CTM | SUNYQ · tribute_sent a jugador 3 |
| 30:38 | CTM | SUNYQ · tribute_sent a jugador 4 |
| 30:38 | CTM | SUNYQ · tribute_sent a jugador 5 |
| 30:38 | CTM | SUNYQ · tribute_sent a jugador 6 |
| 32:01 | PORFIRIO · first_building Siege Workshop |
| 32:33 | CTM | Franco* · age_up imperial |
| 32:47 | PORFIRIO · age_up imperial |
| 33:21 | revistatriunfomusical · first_building Barracks |
| 33:32 | revistatriunfomusical · first_market_sell 100 wood |
| 33:37 | CTM | SUNYQ · first_building Castle |
| 34:13 | CTM | SUNYQ · first_market_sell 500 food |
| 34:24 | revistatriunfomusical · first_building Stable |
| 36:34 | PSX | King · first_building Castle |
| 37:01 | revistatriunfomusical · age_up imperial |
| 38:17 | PSX | King · first_building Barracks |
| 38:41 | CTM | SUNYQ · tribute_sent a jugador 1 |
| 38:41 | CTM | SUNYQ · tribute_sent a jugador 3 |
| 38:41 | CTM | SUNYQ · tribute_sent a jugador 4 |
| 38:41 | CTM | SUNYQ · tribute_sent a jugador 5 |
| 38:41 | CTM | SUNYQ · tribute_sent a jugador 6 |
| 39:31 | PSX | King · first_building Monastery |
| 40:46 | PSX | King · age_up imperial |
| 41:44 | PORFIRIO · first_building Stable |
| 45:41 | CTM | Franco* · first_building Stable |
| 47:57 | David MV · first_building Barracks |
| 49:50 | CTM | SUNYQ · tribute_sent a jugador 1 |
| 49:50 | CTM | SUNYQ · tribute_sent a jugador 3 |
| 49:50 | CTM | SUNYQ · tribute_sent a jugador 4 |
| 49:50 | CTM | SUNYQ · tribute_sent a jugador 5 |
| 49:50 | CTM | SUNYQ · tribute_sent a jugador 6 |
| 50:28 | PSX | King · first_building Stable |
| 53:16 | David MV · resign |
| 53:40 | CTM | SUNYQ · tribute_sent a jugador 1 |
| 53:40 | CTM | SUNYQ · tribute_sent a jugador 3 |
| 53:40 | CTM | SUNYQ · tribute_sent a jugador 4 |
| 53:40 | CTM | SUNYQ · tribute_sent a jugador 5 |
| 53:40 | CTM | SUNYQ · tribute_sent a jugador 6 |
[ AI ANALYSIS · 1 CREDIT ]
What really happened in this match?
Wolo.gg analyzes every decision: build order, eco, micro, common mistakes by bracket. Personalized analysis on WhatsApp or Discord in 30 seconds.
Civ guide
Japanese
Perfil
PORFIRIO